 Dungeon Crawl Stone Soup version 0.28.0-53-g5a82cb258f (webtiles) character file.

Game seed: 2755438137024304800

25 H0rd4k the Charlatan (level 3, -5/26 HPs)
             Began as a Human Artificer on June 21, 2022.
             Killed from afar by Sigmund (10 damage)
             ... with a puff of flame
             ... on level 2 of the Dungeon.
             The game lasted 00:01:09 (1143 turns).

H0rd4k the Charlatan (Human Artificer)              Turns: 1143, Time: 00:01:09

Health: -5/26      AC:  4    Str: 12    XL:     3   Next: 17%
Magic:  3/3        EV: 11    Int: 13    God:
Gold:   28         SH:  0    Dex: 13    Spells: 2/2 levels left

rFire   . . .      SeeInvis .   a - +0 club
rCold   . . .      Faith    +   (no shield)
rNeg    . . .      Spirit   .   b - +0 leather armour
rPois   .          Reflect  .   (no helmet)
rElec   .          Harm     .   (no cloak)
rCorr   .          Rampage  .   i - +0 pair of gloves
Will    .....                   (no boots)
Stlth   +.........              j - amulet of faith
HPRegen 0.08/turn               (no ring)
MPRegen 0.08/turn               (no ring)

@: confused
A: no striking features
a: no special abilities


You were on level 2 of the Dungeon.
You visited 1 branch of the dungeon, and saw 2 of its levels.

You collected 28 gold pieces.

Inventory:

Hand Weapons
 a - a +0 club (weapon)
Armour
 b - a +0 leather armour (worn)
 i - a +0 pair of gloves (worn)
Jewellery
 j - an amulet of faith (around neck)
Wands
 c - a wand of flame (15) (quivered)
 d - a wand of charming (14)
Scrolls
 f - a scroll of noise {unknown}
 h - a scroll of silence {unknown}
Potions
 g - a potion of curing {unknown}
Miscellaneous
 e - a piece from Xom's chessboard (15/15)


   Skills:
 + Level 1.2 Fighting
 + Level 0.7 Maces & Flails
 - Level 2.0 Armour
 + Level 1.1 Dodging
 - Level 1.0 Stealth
 + Level 3.8 Evocations


You had 2 spell levels left.
You didn't know any spells.
Your spell library was empty.

Dungeon Overview and Level Annotations

Branches:
Dungeon (2/15)

Altars:

Annotations:
D:2 Sigmund


Message History

Orders for allies: a - Attack new target. p - Attack previous target. r - Retreat! s - Stop attacking. g - Guard the area. f - Follow me.
Anything else - Cancel.
Guard this area!
The rat bites your adder.
Your adder bites the rat.
The rat dies!
There is a stone staircase leading up here.
There is a stone staircase leading up here.
Sigmund shouts!
You hear a shout!
Sigmund zaps a wand.
The puff of flame hits you.
A worm comes into view.
Found Great Wizards, Vol.
II.
Sigmund casts a spell.
Sigmund flickers and vanishes!
Deactivating autopickup; reactivate with Ctrl-A.
A magic dart appears from out of thin air!
The magic dart hits you.
You hear a zap.
A puff of flame appears from out of thin air!
The puff of flame misses you.
You are confused.
There is a stone staircase leading up here.
You bump into the rock wall.
You're too confused to move!
You hear some strange, mumbled words.
A puff of flame appears from out of thin air!
The puff of flame hits you.
You bump into the rock wall.
You hear some strange, mumbled words.
You are more confused.
A magic dart appears from out of thin air!
The magic dart hits you.
There is a stone staircase leading up here.
A magic dart appears from out of thin air!
The magic dart hits you!
* * * LOW HITPOINT WARNING * * *
You hear a zap.
A puff of flame appears from out of thin air!
The puff of flame hits you!
You die...

. .# #. :# # #.# .#
.. (.. w# #.##.###
.# .....# .######
#..#S#.#####.......
#......@..{w....#
#.......########.#
#........
#......### ##..>.#
##.#. #.#. # ..


You could see a worm and a friendly adder (charmed, wandering).

Vanquished Creatures
  A dart slug (D:1)
  4 ball pythons (D:1)
  4 bats (D:1)
  A giant cockroach (D:1)
  2 goblins (D:1)
  A hobgoblin (D:1)
  2 kobolds (D:1)
  A quokka (D:1)
  3 frilled lizards (D:1)
  2 rats (D:1)
21 creatures vanquished.

Vanquished Creatures (collateral kills)
  A rat (D:2)
1 creature vanquished.

Grand Total: 22 creatures vanquished

Notes
Turn   | Place    | Note
-------+----------+-------------------------------------------
     0 | D:1      | H0rd4k the Human Artificer began the quest for the Orb.
     0 | D:1      | Reached XP level 1. HP: 15/15 MP: 1/1
   373 | D:1      | Reached XP level 2. HP: 14/21 MP: 2/2
   927 | D:1      | Reached XP level 3. HP: 20/26 MP: 3/3
  1121 | D:2      | Noticed Sigmund
  1143 | D:2      | Killed from afar by Sigmund

Illustrated notes

Levels and vault maps discovered:
D:1:      lemuel_arrival_cross, layout_basic, st_stairs_13,
          chequers_hall_statues_wall_a
D:2:      layout_loops_ring, basic_altar, uniq_crazy_yiuf_cottage, uniq_sigmund

Action                   || total
-------------------------++-------
Melee: Club              ||    71
Evoke: Wand              ||     1
 Stab: Sleeping          ||     2
Armor: Leather armour    ||    37
Dodge: Dodged            ||    56
